 Dungeon Crawl Stone Soup version 0.16-a0-3330-g2931290 (webtiles) character file.

100 MackTheKnife the Sneak (level 5, -2/34 HPs)
             Began as a Halfling Assassin on Dec 28, 2014.
             Killed by nerve-wracking pain
             ... invoked by Grinder
              (12 damage)
             ... on level 3 of the Dungeon.
             The game lasted 00:04:44 (2642 turns).

MackTheKnife the Sneak (Halfling Assassin)          Turns: 2642, Time: 00:04:44

Health: -2/34      AC:  4    Str: 11    XL:     5   Next: 3%
Magic:  5/5        EV: 19    Int: 11    God:
Gold:   88         SH:  0    Dex: 21    Spells: 0 memorised, 4 levels left

rFire  . . .     SeeInvis .     b - +0 blowgun
rCold  . . .     Clarity  .     c - +0 robe
rNeg   . . .     SustAb   .     (no shield)
rPois  .         Gourm    .     (no helmet)
rElec  .         Spirit   .     d - +1 cloak
rCorr  .         Warding  .     (no gloves)
rMut   .         Stasis   .     (no boots)
MR     .....                    (no amulet)
Stlth  +++++.....               (no ring)
                                (no ring)

@: agile, not resistant to hostile enchantments, quite stealthy
A: mutation resistance 1
a: no special abilities


You were on level 3 of the Dungeon.
You were not hungry.

You visited 1 branch of the dungeon, and saw 3 of its levels.

You collected 88 gold pieces.


Innate Abilities, Weirdness & Mutations

You are small and have problems with some larger weapons.
You are somewhat resistant to further mutation.


   Skills:
 - Level 1.7 Fighting
 + Level 4.7 Short Blades
 - Level 2.6 Throwing
 - Level 1.1 Dodging
 + Level 5.9 Stealth


You had 4 spell levels left.
You didn't know any spells.

Inventory:

Hand weapons
 a - a +2 dagger
 b - a +0 blowgun (weapon)
 v - a +4 quarterstaff of chaos
 w - a +0 rapier
Missiles
 e - 6 poisoned needles (quivered)
 j - 14 stones
Armour
 c - a +0 robe (worn)
 d - a +1 cloak (worn)
Magical devices
 u - a wand of polymorph (9)
Scrolls
 m - a scroll of enchant weapon {unknown}
 n - a scroll of enchant armour
 o - a scroll of fog {unknown}
 q - 2 scrolls of fear {unknown}
 t - a scroll of identify {unknown}
Potions
 h - a potion of magic
 k - a potion of curing
Comestibles
 i - a beef jerky
 p - a meat ration

#####...####.......#
#.........##...†...#
#(....†...##.......#.
#.........##.........
#.5.......###......#.
#............#######.
#....................
#............#######
#...p#.......#
#..†.........#
#............#
###.####.....# #.
#...... #. ..... #.
#) #


You could see Grinder.


Message History

Grinder is almost dead.
Grinder barely misses you.
You closely miss Grinder.
Grinder is almost dead.
Grinder says, "At least Makhleb appreciates what I'm doing."
Grinder closely misses you.
You barely miss Grinder.
Grinder is almost dead.
Grinder gestures.
Grinder blinks!
Evoke which item? (* to show all) (? for menu, Esc to quit)
Okay, then.
Wield which item (- for none, * to show all)? (? for menu, Esc to quit)
b - a +0 blowgun (weapon)
Quiver which item? (- for none, * to show all) (? for menu, Esc to quit)
Quivering
f - 2 curare-tipped needles for blowguns.
Firing (i - inventory. (,) - cycle):
f - 2 curare-tipped needles (quivered)
Aim: Grinder (almost dead)
You shoot a curare-tipped needle.
The curare-tipped needle closely misses Grinder.
Grinder gestures at you. Pain shoots through your body!
* * * LOW HITPOINT WARNING * * *
Firing (i - inventory. (,) - cycle):
f - a curare-tipped needle (quivered)
Aim: Grinder (almost dead)
You shoot a curare-tipped needle.
The curare-tipped needle closely misses Grinder.
Grinder gestures at you. Pain shoots through your body!
You die...

Action                   |  1- 3 |  4- 6 || total
-------------------------+-------+-------++-------
Melee: Dagger            |    91 |    64 ||   155
       Unarmed           |     1 |       ||     1
       Rapier            |       |    22 ||    22
 Fire: Blowgun           |    12 |     4 ||    16
  Use: Scroll            |       |     2 ||     2
       Potion            |       |     6 ||     6
 Stab: Sleeping          |     6 |     1 ||     7
  Eat: Chunk             |     1 |     1 ||     2
       Bread ration      |       |     1 ||     1

Vault maps used:
D:1:      dpeg_arrival_concentric_ovals
D:2:      nicolae_overflow_hidden_temple, uniq_crazy_yiuf_cottage
D:3:      uniq_grinder

Notes
Turn   | Place    | Note
--------------------------------------------------------------
     0 | D:1      | MackTheKnife, the Halfling Assassin, began the quest for the Orb.
     0 | D:1      | Reached XP level 1. HP: 14/14 MP: 1/1
   124 | D:1      | Reached skill level 3 in Short Blades
   229 | D:1      | Reached XP level 2. HP: 16/19 MP: 2/2
   873 | D:2      | Found a stormy altar of Qazlal.
   898 | D:2      | Reached skill level 5 in Stealth
   898 | D:2      | Reached XP level 3. HP: 16/24 MP: 3/3
  1236 | D:2      | Reached skill level 4 in Short Blades
  1699 | D:2      | Noticed Crazy Yiuf
  1735 | D:2      | Killed Crazy Yiuf
  1735 | D:2      | Reached XP level 4. HP: 29/29 MP: 4/4
  1883 | D:3      | Noticed haldagan's ghost (average SpWr)
  2566 | D:3      | Reached XP level 5. HP: 29/34 MP: 5/5
  2586 | D:3      | Noticed Grinder
  2612 | D:3      | Paralysed by Grinder for 5 turns
  2620 | D:3      | Paralysed by Grinder for 7 turns
  2632 | D:3      | Paralysed by Grinder for 2 turns
  2642 | D:3      | Killed from afar by Grinder

Vanquished Creatures
  Crazy Yiuf (D:2)
  3 adders
  2 giant geckos
  An ooze (D:2)
  An orc (D:3)
  9 bats
  4 hobgoblins
  4 jackals (D:3)
  3 kobolds
  2 giant newts
  8 goblins
  4 rats
  A fungus (D:2)
43 creatures vanquished.
